 Dungeon Crawl Stone Soup version 0.27-a0-1572-gacd6f1ce93 (webtiles) character file.

Game seed: 1529193618023305941

202777 Conn the Eclecticist (level 17, -8/85 HPs)
             Began as a Deep Elf Venom Mage on July 17, 2021.
             Was a High Priest of Sif Muna.
             Mangled by a spark wasp (17 damage)
             ... on level 4 of the Spider Nest.
             The game lasted 03:10:03 (45311 turns).

Conn the Eclecticist (Deep Elf Venom Mage)         Turns: 45311, Time: 03:10:03

Health: -8/85      AC: 18    Str:  8    XL:     17   Next: 95%
Magic:  41/49      EV: 15    Int: 38    God:    Sif Muna [*****.]
Gold:   1903       SH: 13    Dex: 15    Spells: 4/51 levels left

rFire    + + +     SeeInvis +   C - staff of poison
rCold    + + .     Faith    .   x - +2 buckler {rF+}
rNeg     . . .     Spirit   .   e - +5 leather armour of Gehenna {rPois rCorr Dex+2}
rPois    +         Reflect  +   g - +2 helmet of Fishru {rC++ Str+3 Dex-2}
rElec    .         Harm     .   h - +2 cloak {Stlth+}
rCorr    +         Rampage  .   z - +2 pair of gloves {Stlth+}
Will     +....                  (no boots)
Stlth    ++++++....             p - amulet of reflection
HPRegen  0.24/turn              w - +6 ring of intelligence
MPRegen  0.31/turn              L - ring "Oxut Yxa" {Drain +Blink rF++ MP+9 Int+4}

@: radiating poison
A: see invisible
}: 1/15 runes: decaying
a: Renounce Religion, Evoke Blink, Channel Magic, Forget Spell, Divine Exegesis


You were on level 4 of the Spider Nest.
You worshipped Sif Muna.
Sif Muna was extremely pleased with you.
You visited 6 branches of the dungeon, and saw 28 of its levels.
You also visited: Sewer.

You collected 3245 gold pieces.
You spent 1342 gold pieces at shops.

Inventory:

Hand Weapons
 a - the +5 rapier of Midwinter {flame, rF+ rN+ rCorr}
   (You found it on level 2 of the Orcish Mines)

   It burns those it strikes, dealing additional fire damage.
   rF:        It protects you from fire.
   rN:        It protects you from negative energy.
   rCorr:     It protects you from acid and corrosion.
 s - the +10 quarterstaff "Globulus" {venom, Int+2 SInv}
   (You found it on level 2 of the Swamp)

   It poisons the flesh of those it strikes.
   Int:       It affects your intelligence (+2).
   SInv:      It lets you see invisible.
 t - the +6 quarterstaff of Amortisation {freeze, rCorr Int+2}
   (You found it on level 4 of the Swamp)

   It freezes those it strikes, dealing additional cold damage.
   It can also slow down cold-blooded creatures.
   Int:       It affects your intelligence (+2).
   rCorr:     It protects you from acid and corrosion.
Armour
 e - the +5 leather armour of Gehenna (worn) {rPois rCorr Dex+2}
   (You bought it in a shop on level 7 of the Dungeon)

   Dex:       It affects your dexterity (+2).
   rPois:     It protects you from poison.
   rCorr:     It protects you from acid and corrosion.
 g - the +2 helmet of Fishru (worn) {rC++ Str+3 Dex-2}
   (You took it off Robin on level 2 of the Dungeon)

   Str:       It affects your strength (+3).
   Dex:       It affects your dexterity (-2).
   rC:        It greatly protects you from cold.
 h - a +2 cloak of stealth (worn)
 x - a +2 buckler of fire resistance (worn)
 z - a +2 pair of gloves of stealth (worn)
 B - the +5 ring mail of Filigreed Contentment {rCorr}
   (You found it on level 5 of the Dungeon)

   rCorr:     It protects you from acid and corrosion.
Magical Staves
 b - a staff of fire
 C - a staff of poison (weapon)
Jewellery
 f - a ring of ice
 p - an amulet of reflection (around neck)
 w - a +6 ring of intelligence (left hand)
 L - the ring "Oxut Yxa" (right hand) {Drain +Blink rF++ MP+9 Int+4}
   (You found it on level 4 of the Lair of Beasts)

   [ring of magical power]

   Int:       It affects your intelligence (+4).
   rF:        It greatly protects you from fire.
   MP:        It affects your magic capacity (+9).
   +Blink:    It lets you blink.
   Drain:     It drains your maximum health when unequipped.
Wands
 o - a wand of polymorph (11)
 q - a wand of iceblast (13)
 v - a wand of flame (44)
 D - a wand of acid (11)
 G - a wand of paralysis (31)
 M - a wand of charming (7)
Scrolls
 l - 17 scrolls of identify
 n - a scroll of enchant weapon
 y - 3 scrolls of magic mapping
 A - 11 scrolls of teleportation
 F - a scroll of brand weapon
 H - 5 scrolls of fear
 K - 3 scrolls of fog
 R - 3 scrolls of immolation
Potions
 c - 7 potions of flight
 d - 7 potions of brilliance
 i - 10 potions of curing
 j - 2 potions of invisibility
 k - 2 potions of resistance
 m - 3 potions of haste
 u - a potion of heal wounds
 E - 2 potions of cancellation
 I - 2 potions of ambrosia
 J - a potion of might
 N - a potion of mutation
 O - 2 potions of magic
 Q - 2 potions of attraction
Miscellaneous
 P - a phial of floods


   Skills:
 + Level 2.3 Fighting
 + Level 6.7 Short Blades
 + Level 1.5 Staves
 + Level 5.7 Armour
 + Level 8.3 Dodging
 + Level 8.6 Stealth
 + Level 7.0 Shields
 + Level 0.7 Unarmed Combat
 - Level 17.9 Spellcasting
 + Level 14.5 Conjurations
 + Level 5.1 Translocations
 - Level 6.0 Transmutations
 * Level 14.4 Fire Magic
 + Level 4.1 Air Magic
 + Level 10.5 Earth Magic
 - Level 11.3 Poison Magic
 - Level 7.1 Invocations
 + Level 1.4 Evocations


You had 4 spell levels left.
You knew the following spells:

 Your Spells              Type           Power      Damage    Failure   Level
a - Sting                 Tmut/Pois      100%       1d8       1%          1
c - Mephitic Cloud        Conj/Pois/Air  100%       N/A       1%          3
d - Olgreb's Toxic Radia  Pois           100%       N/A       1%          4
e - Iskenderun's Mystic   Conj/Tloc      83%        2d16      1%          4
f - Iron Shot             Conj/Erth      46%        9d9       1%          6
g - Ignite Poison         Fire/Tmut/Pois 100%       N/A       1%          3
h - Sticky Flame          Conj/Fire      97%        2d11      1%          4
i - Blink                 Tloc           N/A        N/A       1%          2
j - Bolt of Magma         Conj/Fire/Erth 46%        4d19      1%          5
k - Orb of Destruction    Conj           48%        9d15      2%          7
l - Ignition              Fire           48%        3d14      22%         8

Your spell library contained the following spells:

 Spells                   Type           Power      Damage    Failure   Level
 Foxfire                  Conj/Fire      100%       2x1d9     0%          1
 Magic Dart               Conj           100%       1d8       0%          1
 Sandblast                Erth           100%       2d20      0%          1
 Searing Ray              Conj           100%       3d7       0%          2
 Conjure Flame            Conj/Fire      97%        6-21      0%          3
 Animate Skeleton         Necr           68%        N/A       1%          1
 Apportation              Tloc           100%       N/A       1%          1
 Freeze                   Ice            100%       1d11      1%          1
 Pain                     Necr           100%       1d9       1%          1
 Call Imp                 Summ           34%        N/A       1%          2
 Corpse Rot               Necr/Air       N/A        N/A       1%          2
 Ensorcelled Hibernation  Hex/Ice        68%        N/A       1%          2
 Passwall                 Tmut/Erth      64%        N/A       1%          2
 Poisonous Vapours        Pois/Air       100%       N/A       1%          2
 Slow                     Hex            34%        N/A       1%          2
 Static Discharge         Conj/Air       81%        N/A       1%          2
 Dazzling Flash           Conj/Hex       100%       N/A       1%          3
 Gell's Gravitas          Tloc           32%        N/A       1%          3
 Lesser Beckoning         Tloc           32%        N/A       1%          3
 Portal Projectile        Hex/Tloc       100%       N/A       1%          3
 Spider Form              Tmut/Pois      50%        N/A       1%          3
 Stone Arrow              Conj/Erth      100%       3d13      1%          3
 Teleport Other           Tloc           65%        N/A       1%          3
 Animate Armour           Summ/Erth      100%       N/A       1%          4
 Hailstorm                Conj/Ice       73%        3d15      1%          4
 Leda's Liquefaction      Hex/Erth       32%        N/A       1%          4
 Passage of Golubria      Tloc           N/A        N/A       1%          4
 Call Canine Familiar     Summ           34%        N/A       3%          3
 Confusing Touch          Hex            34%        N/A       3%          3
 Frozen Ramparts          Ice            68%        1d8       3%          3
 Summon Guardian Golem    Hex/Summ       34%        N/A       3%          3
 Tukima's Dance           Hex            34%        N/A       3%          3
 Vampiric Draining        Necr           17%        2d8       3%          3
 Cause Fear               Hex            17%        N/A       12%         4
 Summon Ice Beast         Ice/Summ       34%        N/A       12%         4
 Alistair's Intoxication  Tmut/Pois      66%        N/A       1%          5
 Fireball                 Conj/Fire      48%        3d19      1%          5
 Irradiate                Conj/Tmut      42%        3d28      1%          5
 Iskenderun's Battlesphe  Conj           97%        2d14      1%          5
 Lee's Rapid Deconstruct  Erth           42%        3d22*     1%          5
 Lightning Bolt           Conj/Air       40%        1d59      1%          5
 Starburst                Conj/Fire      48%        8x6d13    1%          6
 Blade Hands              Tmut           34%        N/A       2%          5
 Manifold Assault         Tloc           65%        N/A       4%          5
 Eringya's Noxious Bog    Tmut/Pois      50%        N/A       5%          6
 Yara's Violent Unravell  Hex/Tmut       27%        3d12      10%         5
 Summon Forest            Summ/Tloc      26%        N/A       12%         5
 Dispersal                Tloc           32%        N/A       22%         6
 Excruciating Wounds      Necr           17%        N/A       34%         5
 Summon Mana Viper        Hex/Summ       34%        N/A       34%         5
 Lehudib's Crystal Spear  Conj/Erth      46%        10d11     43%         8
 Spellforged Servitor     Conj/Summ      36%        N/A       47%         7
 Storm Form               Tmut/Air       32%        N/A       78%         7
 Death Channel            Necr           17%        N/A       88%         6
 Invisibility             Hex            17%        N/A       88%         6
 Shadow Creatures         Summ           N/A        N/A       88%         6
 Simulacrum               Ice/Necr       17%        N/A       88%         6
 Monstrous Menagerie      Summ           17%        N/A       100%        7
 Maxwell's Capacitive Co  Air            30%        ∞         100%        8
 Chain Lightning          Conj/Air       40%        3d54      100%        9


Dungeon Overview and Level Annotations

Branches:
Dungeon (11/15)            Temple (1/1) D:6            Lair (6/6) D:11
  Swamp (4/4) Lair:2       Spider (4/4) Lair:2        Slime (0/5) Lair:5
    Orc (2/2) D:10            Elf (0/3) Orc:2         Sewer (visited)

Altars:
Ashenzari
Cheibriados
Dithmenos
Elyvilon
Fedhas
Gozag
Hepliaklqana
Kikubaaqudgha
Makhleb
Nemelex Xobeh
Okawaru
Qazlal
Ru
Sif Muna
Trog
Uskayaw
Vehumet
Wu Jian
Xom
Yredelemnul
Zin
The Shining One
Beogh
Jiyva

Shops:
D:3 !!=:   D:5 ?   D:7 [   D:10 *   D:11 !   Orc:1 *   Orc:2 (:*=

Annotations:
D:9 2 transporters, Froggeryz's ghost, novice OpBe


Innate Abilities, Weirdness & Mutations

You have supernaturally acute eyesight. (SInv)


Message History

The mystic blast hits the emperor scorpion!
The emperor scorpion is lightly wounded.
The emperor scorpion is knocked back by the mystic blast.
The mystic blast hits the spark wasp!
The spark wasp is lightly wounded.
The spark wasp is knocked back by the mystic blast.
The spark wasp slams into the stone wall!
The mystic blast hits the spark wasp.
The spark wasp is lightly wounded.
The spark wasp is knocked back by the mystic blast.
You hear an angry hiss. x2
A spark wasp comes into view.
The spark wasp misses you.
Unknown command.
Casting: Iskenderun's Mystic Blast (safe; 1% risk of failure)
Confirm with . or Enter, or press ? or * to list all spells.
You feel a surge of power!
You begin to radiate toxic energy.
The spark wasp is poisoned. x2; The hornet is poisoned.
The spark wasp is poisoned.
The hornet is poisoned.
The spark wasp looks even sicker. x2; The spark wasp stings you!
The spark wasp shocks you! You block the hornet's attack.
A moth of wrath comes into view.
The moth of wrath's fur bristles in rage as it notices you.
A ghost moth comes into view.
Unknown command.
Blink to where?
Press: ? - help, Dir - move target
As you read the scroll of blinking, it crumbles to dust.
The spark wasp looks even sicker. x2
The spark wasp bursts into living lightning!
The living lightning hits you!
* * * LOW HITPOINT WARNING * * *
The spark wasp blinks! x2
The spark wasp bursts into living lightning!
The living lightning misses the spark wasp.
The living lightning misses you.
The spark wasp blinks! x3
The spark wasp stings you.
* * * LOW HITPOINT WARNING * * *
The spark wasp shocks you!
You die...

##### #≈@≈###
#####≈y...#####
###≈≈.≈.y..≈..≈.#
######.....†##.≈##≈...
##≈≈≈#≈...#.≈##§.# ≈..
≈≈≈≈≈≈...#####...# ≈
≈##≈...≈# #.§##
#≈..≈≈## #y'#
###..≈###


yy##y You could see 2 spark wasps.

Vanquished Creatures
  Mara (Swamp:3)
  Nikola (Spider:3)
  Arachne (Spider:2)
  A tentacled monstrosity (Swamp:4)
  Frances (Spider:2)
  5 thorn hunters
  Gastronok (Lair:2)
  The ghost of Fiutuit the Metallomancer, an adept GrEE of Vehumet (Swamp:3)
  A fenstrider witch (Swamp:1)
  2 orc warlords (Orc:2)
  A ghost moth (Spider:4)
  Louise (Spider:3)
  2 emperor scorpions
  2 ghouls (Swamp:2)
  Nessos (Lair:4)
  A spark wasp (Spider:4)
  3 entropy weavers
  A bunyip (Swamp:4)
  5 eleionomae
  A shambling mangrove (Swamp:4)
  20 hydras
  4 ghost crabs
  3 boulder beetles
  8 alligators
  3 two-headed ogres (Orc:2)
  A centaur warrior (D:11)
  3 death yaks (Lair:6)
  Urug (Lair:1)
  A spriggan berserker (Swamp:3)
  4 orc high priests (Orc:2)
  4 spriggan druids
  8 goliath frogs
  6 bog bodies
  4 lindwurms
  14 swamp dragons
  16 orb spiders
  4 orc knights
  2 cyclopes
  An ugly thing (D:9)
  7 orc sorcerers (Orc:2)
  2 oklob plants (Lair:6)
  14 wolf spiders
  A manticore (D:11)
  8 will-o-the-wisps
  A moth of wrath (Swamp:3)
  14 elephants
  A centaur zombie (D:10)
  4 black mambas
  A torpor snail (Spider:1)
  14 cane toads
  A gargoyle (D:9)
  An unseen horror (D:10)
  Maggie (D:6)
  11 demonic crawlers
  7 rime drakes
  8 komodo dragons
  5 polar bears
  28 jumping spiders
  Grinder (D:4)
  2 bloated husks
  5 trolls
  13 tyrant leeches
  23 hornets
  12 blink frogs
  6 dream sheep (Lair:6)
  66 redbacks
  32 spriggans
  24 tarantellas
  4 wyverns
  47 yaks
  4 basilisks
  4 vampire mosquitoes
  15 swamp worms
  4 wargs (Orc:2)
  10 water moccasins
  Duvessa (D:6)
  41 orc warriors
  7 swamp drakes
  Purgy (Sewer)
  5 black bears
  5 sky beasts
  2 necrophages (Swamp:2)
  44 wolves
  4 boggarts (Lair:6)
  5 centaurs
  12 ogres
  2 kobold brigands
  8 bullfrogs
  A gnoll sergeant (D:9)
  Dowan (D:6)
  3 scorpions
  A water moccasin zombie (D:7)
  A water moccasin skeleton (D:5)
  6 killer bees (D:11)
  6 electric eels
  A vampire bat (D:3)
  2 howler monkeys
  2 hounds
  A bullfrog zombie (D:5)
  28 orc priests
  A gnoll shaman (D:6)
  2 centaur skeletons
  2 jellies
  An iguana (D:6)
  Ijyb (D:3)
  27 orc wizards
  2 lightning spires (Swamp:3)
  Robin (D:2)
  8 gnolls
  2 howler monkey skeletons
  6 adders
  A shadow imp (D:7)
  3 white imps
  2 ufetubi (D:5)
  An adder skeleton (D:4)
  5 worms
  3 dart slugs
  3 fire bats (D:3)
  100 orcs
  2 spectral bats (D:3)
  8 ball pythons
  3 bat skeletons (D:3)
  A bat zombie (D:3)
  12 endoplasms
  13 goblins
  5 hobgoblins
  4 jackals (D:5)
  4 quokkas
  11 bats
  A bat simulacrum (D:3)
  8 frilled lizards
  15 kobolds
  6 rats
  2 ball lightnings (Swamp:3)
  A butterfly (D:6)
998 creatures vanquished.

Vanquished Creatures (collateral kills)
  An orc warrior (D:8)
  2 wights (D:8)
  An orc priest (D:8)
  3 orcs
7 creatures vanquished.

Vanquished Creatures (others)
  A bloated husk (Swamp:4)
  A swamp worm (Swamp:4)
  2 wights (D:8)
  2 briar patches (Swamp:3)
  2 bushes (Lair:2)
  16 foxfires
  36 fungi
  39 plants
99 creatures vanquished.

Grand Total: 1104 creatures vanquished

Notes
Turn   | Place    | Note
-------+----------+-------------------------------------------
     0 | D:1      | Conn the Deep Elf Venom Mage began the quest for the Orb.
     0 | D:1      | Reached XP level 1. HP: 10/10 MP: 6/6
   203 | D:1      | Reached XP level 2. HP: 15/15 MP: 5/8
   505 | D:1      | Found a faded altar of an unknown god.
  1084 | D:1      | Reached XP level 3. HP: 19/19 MP: 7/10
  1093 | D:1      | Learned a level 2 spell: Poisonous Vapours
  1097 | D:1      | Learned a level 3 spell: Mephitic Cloud
  1171 | D:2      | Identified the +2 helmet of Fishru {rC++ Str+3 Dex-2}
  1171 | D:2      | Noticed Robin
  1480 | D:2      | Killed Robin
  1481 | D:2      | Reached skill level 1 in Conjurations
  1490 | D:2      | Reached skill level 4 in Spellcasting
  1751 | D:2      | You fall into a shaft and drop 2 floors!
  1860 | D:3      | Found Gytugar's Distillery.
  1871 | D:3      | Bought a potion of curing for 33 gold pieces
  1932 | D:3      | Noticed Ijyb
  1942 | D:3      | Killed Ijyb
  1943 | D:3      | Reached XP level 4. HP: 24/24 MP: 4/12
  2098 | D:3      | Found a glowing drain.
  2126 | Sewer    | Entered a sewer
  2421 | Sewer    | Noticed Purgy
  2426 | Sewer    | Killed Purgy
  2427 | Sewer    | Reached skill level 1 in Air Magic
  2427 | Sewer    | Reached XP level 5. HP: 28/28 MP: 7/13
  2564 | D:3      | Found Wur Veex's Book Boutique.
  2993 | D:2      | Found a radiant altar of Vehumet.
  3203 | D:3      | Found Darghid's Jewellery Boutique.
  3526 | D:3      | Reached skill level 5 in Spellcasting
  3526 | D:3      | Reached XP level 6. HP: 30/32 MP: 4/15
  3869 | D:3      | Reached skill level 5 in Poison Magic
  4153 | D:3      | Found Weimas's Distillery.
  4317 | D:3      | Learned a level 4 spell: Olgreb's Toxic Radiance
  4651 | D:4      | Reached XP level 7. HP: 36/36 MP: 12/17
  4958 | D:4      | Noticed Grinder
  4982 | D:4      | Paralysed by Grinder for 7 turns
  4989 | D:4      | Killed Grinder
  4990 | D:4      | Reached skill level 1 in Short Blades
  5101 | D:5      | Entered Level 5 of the Dungeon
  5311 | D:5      | Reached skill level 6 in Spellcasting
  5733 | D:5      | Found Gyarew's Magic Scroll Boutique.
  5764 | D:5      | Reached XP level 8. HP: 34/42 MP: 14/19
  5926 | D:5      | Found a radiant altar of Vehumet.
  6423 | D:5      | Found a stormy altar of Qazlal.
  6907 | D:5      | Learned a level 5 spell: Alistair's Intoxication
  6940 | D:6      | Found a staircase to the Ecumenical Temple.
  6950 | Temple   | Entered the Ecumenical Temple
  7122 | Temple   | Became a worshipper of Sif Muna the Loreminder
  7169 | D:6      | Noticed Duvessa
  7169 | D:6      | Noticed Dowan
  7184 | D:6      | Killed Duvessa
  7185 | D:6      | Reached skill level 7 in Spellcasting
  7188 | D:6      | Killed Dowan
  7394 | D:6      | Reached skill level 5 in Transmutations
  7394 | D:6      | Reached XP level 9. HP: 46/46 MP: 17/22
  7696 | D:6      | Reached skill level 5 in Conjurations
  7702 | D:6      | Reached skill level 8 in Spellcasting
  8070 | D:6      | Noticed Maggie
  8082 | D:6      | Killed Maggie
  8333 | D:6      | Reached * piety under Sif Muna
  8580 | D:7      | Found Lailuq's Armour Shoppe.
  8583 | D:7      | Bought a +0 buckler of fire resistance for 161 gold pieces
  9105 | D:7      | Reached skill level 1 in Invocations
  9509 | D:8      | Noticed a troll
  9539 | D:8      | Killed a troll
  9540 | D:8      | Reached skill level 9 in Spellcasting
  9724 | D:8      | Reached XP level 10. HP: 33/51 MP: 12/25
  9743 | D:8      | Found a glowing golden altar of the Shining One.
 10262 | D:8      | Reached ** piety under Sif Muna
 10311 | D:8      | Found a shadowy altar of Dithmenos.
 10637 | D:8      | Learned a level 6 spell: Iron Shot
 10756 | D:9      | Found a transporter.
 10756 | D:9      | Noticed a boulder beetle
 10757 | D:9      | Noticed Froggeryz's ghost (novice OpBe)
 10783 | D:9      | Noticed a gargoyle
 10798 | D:9      | Killed a gargoyle
 10799 | D:9      | Reached skill level 1 in Shields
 10881 | D:9      | Found a transporter.
 10892 | D:9      | Reached skill level 1 in Earth Magic
 10931 | D:9      | Noticed a cyan ugly thing
 10944 | D:9      | Killed a cyan ugly thing
 11300 | D:9      | Identified a scroll of acquirement
 11300 | D:9      | Acquired the Disquisition on Noxious Attacks
 11306 | D:9      | Learned a level 3 spell: Ignite Poison
 11311 | D:9      | Learned a level 4 spell: Sticky Flame
 11660 | D:5      | Identified the +5 ring mail of Filigreed Contentment
                  | {rCorr}
 11804 | D:10     | Entered Level 10 of the Dungeon
 11817 | D:10     | Reached skill level 5 in Stealth
 11905 | D:10     | Reached skill level 10 in Spellcasting
 11924 | D:10     | Reached skill level 1 in Fighting
 11924 | D:10     | Reached skill level 1 in Fire Magic
 12044 | D:10     | Found a staircase to the Orcish Mines.
 12170 | D:10     | Reached XP level 11. HP: 34/56 MP: 4/27
 12172 | D:10     | Reached skill level 1 in Armour
 12336 | D:10     | Found a blossoming altar of Fedhas.
 12511 | D:10     | Reached *** piety under Sif Muna
 12647 | D:10     | Got the Incunabulum of Fetching Air
 12688 | D:10     | Found Pirpheora's Lightly-Used Armoury.
 13231 | Orc:1    | Entered Level 1 of the Orcish Mines
 13276 | Orc:1    | You fall into a shaft and drop 1 floor!
 13276 | Orc:2    | Entered Level 2 of the Orcish Mines
 13276 | Orc:2    | Noticed a two-headed ogre
 13304 | Orc:2    | Killed a two-headed ogre
 13305 | Orc:2    | Reached skill level 5 in Invocations
 13313 | Orc:1    | Noticed an orc knight
 13332 | Orc:1    | Reached skill level 10 in Poison Magic
 13341 | Orc:1    | Reached skill level 1 in Evocations
 13341 | Orc:1    | Killed an orc knight
 13627 | Orc:1    | Found Kuom Gaw's General Store.
 13892 | Orc:2    | Noticed a two-headed ogre
 13984 | Orc:2    | Killed a two-headed ogre
 13985 | Orc:2    | Reached skill level 11 in Spellcasting
 14246 | Orc:2    | Reached **** piety under Sif Muna
 14444 | Orc:2    | Noticed an orc sorcerer
 14456 | Orc:2    | Killed an orc sorcerer
 14501 | Orc:2    | Noticed an orc sorcerer
 14513 | Orc:2    | Killed an orc sorcerer
 14712 | Orc:2    | Found a staircase to the Elven Halls.
 14762 | Orc:2    | Noticed an orc sorcerer
 14762 | Orc:2    | Noticed an orc sorcerer
 14765 | Orc:2    | Killed an orc sorcerer
 14765 | Orc:2    | Killed an orc sorcerer
 14776 | Orc:2    | Identified the +5 rapier of Midwinter {flame, rF+ rN+
                  | rCorr}
 15002 | Orc:2    | Reached XP level 12. HP: 60/60 MP: 26/29
 15323 | Orc:2    | Noticed an orc warlord
 15533 | Orc:2    | Noticed an orc high priest
 15537 | Orc:2    | Gained mutation: Your spells are a little easier to cast,
                  | but a little less powerful. [a neqoxec]
 15541 | Orc:2    | Gained mutation: Your magical capacity is low. (-10% MP) [a
                  | neqoxec]
 15543 | Orc:2    | Killed an orc high priest
 15548 | Orc:2    | Lost mutation: Your spells are a little easier to cast, but
                  | a little less powerful. [potion of mutation]
 15548 | Orc:2    | Lost mutation: Your magical capacity is low. (-10% MP)
                  | [potion of mutation]
 15548 | Orc:2    | Gained mutation: You sometimes lose the ability to read
                  | scrolls when taking damage. [potion of mutation]
 15549 | Orc:2    | Lost mutation: You sometimes lose the ability to read
                  | scrolls when taking damage. [potion of mutation]
 15549 | Orc:2    | Gained mutation: You have supernaturally acute eyesight.
                  | (SInv) [potion of mutation]
 15675 | Orc:2    | Killed an orc warlord
 15796 | Orc:2    | Noticed an orc high priest
 15798 | Orc:2    | Reached ***** piety under Sif Muna
 15800 | Orc:2    | Killed an orc high priest
 15849 | Orc:2    | Found Weug's General Store.
 15879 | Orc:2    | Noticed an orc high priest
 15886 | Orc:2    | Killed an orc high priest
 15961 | Orc:2    | Found Zown's Jewellery Shop.
 15962 | Orc:2    | Noticed an orc high priest
 15965 | Orc:2    | Killed an orc high priest
 16117 | Orc:2    | Reached skill level 12 in Spellcasting
 16222 | Orc:2    | Received a gift from Sif Muna
 16223 | Orc:2    | Reached skill level 5 in Earth Magic
 16223 | Orc:2    | Got Sif Muna's Tome of Feathers {god gift}
 16501 | Orc:2    | Found Tutho's Book Emporium.
 16686 | Orc:2    | Reached skill level 5 in Fire Magic
 16862 | Orc:2    | Noticed a two-headed ogre
 16863 | Orc:2    | Noticed an orc warlord
 16870 | Orc:2    | Killed a two-headed ogre
 16892 | Orc:2    | Killed an orc warlord
 17097 | Orc:2    | Found Xotziwn's Weapon Shoppe.
 17513 | Orc:2    | Bought an Inescapable Atlas for 476 gold pieces
 17516 | Orc:2    | Learned a level 2 spell: Blink
 17522 | Orc:2    | Learned a level 5 spell: Bolt of Magma
 19822 | D:11     | Noticed a centaur warrior
 19826 | D:11     | Killed a centaur warrior
 19827 | D:11     | Reached skill level 1 in Translocations
 19827 | D:11     | Reached XP level 13. HP: 53/65 MP: 15/31
 20086 | D:11     | Found Imefitz's Distillery.
 20159 | D:11     | Found a staircase to the Lair.
 20724 | Lair:1   | Entered Level 1 of the Lair of Beasts
 20897 | Lair:1   | Noticed Urug
 20903 | Lair:1   | Killed Urug
 21509 | Lair:1   | Found a transporter.
 21511 | Lair:1   | Found a transporter.
 21666 | Lair:1   | Received a gift from Sif Muna
 21667 | Lair:1   | Got Sif Muna's Compendium of Ignition {god gift}
 22194 | Lair:1   | Reached skill level 5 in Short Blades
 22490 | Lair:2   | Reached skill level 13 in Spellcasting
 22532 | Lair:2   | Found a hole to the Spider Nest.
 23512 | Lair:2   | Reached skill level 5 in Armour
 23752 | Lair:2   | Reached skill level 5 in Shields
 24253 | Lair:2   | Noticed Gastronok
 24261 | Lair:2   | Killed Gastronok
 24262 | Lair:2   | Reached skill level 5 in Dodging
 24262 | Lair:2   | Reached XP level 14. HP: 57/70 MP: 1/33
 24430 | Lair:2   | Found a staircase to the Swamp.
 26166 | Lair:4   | Noticed Nessos
 26176 | Lair:4   | Reached skill level 14 in Spellcasting
 26176 | Lair:4   | Killed Nessos
 26612 | Lair:4   | Identified the ring "Oxut Yxa" {Drain +Blink rF++ MP+9
                  | Int+4}
 28129 | Lair:5   | Found a viscous altar of Jiyva.
 28129 | Lair:5   | Found a staircase to the Slime Pits.
 28512 | Lair:6   | Entered Level 6 of the Lair of Beasts
 28544 | Lair:6   | Reached skill level 10 in Conjurations
 28893 | Lair:6   | Received a gift from Sif Muna
 28914 | Lair:6   | Got Sif Muna's Collected Works on the Lethal Rocks {god
                  | gift}
 29197 | Lair:6   | Acquired 811 gold pieces
 30212 | Lair:6   | Reached skill level 15 in Spellcasting
 31165 | D:7      | Bought the +5 leather armour of Gehenna {rPois rCorr Dex+2}
                  | for 672 gold pieces
 31189 | D:7      | Learned a level 7 spell: Orb of Destruction
 31339 | Swamp:1  | Entered Level 1 of the Swamp
 31343 | Swamp:1  | Reached XP level 15. HP: 75/75 MP: 33/36
 31702 | Swamp:1  | Noticed a fenstrider witch
 31707 | Swamp:1  | Killed a fenstrider witch
 31727 | Swamp:1  | Noticed a thorn hunter
 31732 | Swamp:1  | Killed a thorn hunter
 32145 | Swamp:1  | Noticed a thorn hunter
 32149 | Swamp:1  | Killed a thorn hunter
 32272 | Swamp:1  | Received a gift from Sif Muna
 32273 | Swamp:1  | Got Sif Muna's Handbook of Transformation and Attacks {god
                  | gift}
 32280 | Swamp:1  | Learned a level 4 spell: Iskenderun's Mystic Blast
 32504 | Swamp:1  | Reached skill level 16 in Spellcasting
 33980 | Swamp:2  | Reached skill level 10 in Fire Magic
 34505 | Swamp:3  | Found a transporter.
 34505 | Swamp:3  | Found a transporter.
 34514 | Swamp:3  | Found a bloodstained altar of Trog.
 34745 | Swamp:2  | Identified the +10 quarterstaff "Globulus" {venom, Int+2
                  | SInv}
 35142 | Swamp:3  | Reached XP level 16. HP: 80/80 MP: 25/38
 35149 | Swamp:3  | Noticed a thorn hunter
 35310 | Swamp:3  | Killed a thorn hunter
 35340 | Swamp:3  | Noticed Mara
 35393 | Swamp:3  | Killed Mara
 35394 | Swamp:3  | Reached skill level 17 in Spellcasting
 35807 | Swamp:3  | Received a gift from Sif Muna
 36040 | Swamp:3  | Noticed Fiutuit's ghost (adept GrEE)
 36910 | Swamp:4  | Entered Level 4 of the Swamp
 36910 | Swamp:4  | Noticed a thorn hunter
 37644 | Swamp:4  | Noticed a thorn hunter
 37647 | Swamp:4  | Killed a thorn hunter
 37755 | Swamp:4  | Got a decaying rune of Zot
 37769 | Swamp:4  | Learned a level 8 spell: Ignition
 37801 | Swamp:4  | Noticed a tentacled monstrosity
 38181 | Swamp:4  | Killed a thorn hunter
 38198 | Swamp:4  | HP: 4/80 [tyrant leech (25)]
 38597 | Swamp:4  | Killed a tentacled monstrosity
 38702 | Swamp:4  | Identified the +6 quarterstaff of Amortisation {freeze,
                  | rCorr Int+2}
 39272 | Swamp:4  | Reached skill level 10 in Earth Magic
 39639 | Swamp:3  | Received a gift from Sif Muna
 39640 | Swamp:3  | Got Sif Muna's Compendium of the Cankerous Mountains {god
                  | gift}
 39657 | Swamp:3  | Killed Fiutuit's ghost
 39658 | Swamp:3  | Reached XP level 17. HP: 84/84 MP: 4/40
 39886 | Swamp:3  | Identified the +0 scale mail of Philately {rC+}
 40015 | Spider:1 | Entered Level 1 of the Spider Nest
 40552 | Spider:1 | Received a gift from Sif Muna
 40558 | Spider:1 | Got Sif Muna's Further Steps in Spellcraft {god gift}
 40891 | Spider:2 | Noticed Arachne
 41004 | Spider:2 | Reached skill level 1 in Staves
 41523 | Spider:2 | Noticed Frances
 41530 | Spider:2 | Killed Frances
 41911 | Spider:2 | Killed Arachne
 41912 | Spider:2 | Reached skill level 5 in Translocations
 42925 | Spider:3 | Noticed Louise
 42933 | Spider:3 | Killed Louise
 43075 | Spider:3 | Noticed Nikola
 43082 | Spider:3 | Killed Nikola
 43504 | Spider:3 | Received a gift from Sif Muna
 43505 | Spider:3 | Got Sif Muna's Disquisition on Excruciating Malediction
                  | {god gift}
 44716 | Spider:4 | Entered Level 4 of the Spider Nest
 45311 | Spider:4 | Mangled by a spark wasp

Illustrated notes

Levels and vault maps discovered:
D:1:      minmay_arrival_doors, layout_rooms,
          shapermc_ecumenical_altar_mp_urbaneastern
D:2:      layout_loops_ring, basic_altar, uniq_robin
D:3:      layout_loops_ring, serial_shops, shop, shop, nicolae_shop_trees, shop,
          cheibrodos_sewer_entry_bend, goddamned_bats, uniq_ijyb
D:4:      layout_loops_cross, serial_glass, glass_columns_c, glass_columns_b,
          due_unseen_surprise, feat_on_display, item_on_display_b,
          ebering_dispersal_statue_hall, serial_bayou_lake_a, uniq_grinder
D:5:      layout_basic, vehumet_crystals, nicolae_qazlal_general_emergency,
          serial_shops, shop, chequers_serial_rivers_micro_a
D:6:      layout_gridville, minmay_temple_entry_butterflies,
          hangedman_decor_push, uniq_maggie, uniq_duvessa
D:7:      layout_basic, hangedman_decor_riveting, nicolae_stop_n_shop_1,
          nrook_campfire
D:8:      layout_basic, lemuel_doored_altar,
          mainiacjoe_overflow_concentric_impassable
D:9:      layout_loops_ring, gammafunk_ghost_arena
D:10:     layout_basic, fedhas_altar_2, minmay_shop_damaged,
          minmay_misc_feat_cross
D:11:     layout_roguey, david_lair_generic, serial_shops,
          nicolae_shop_statue_plus
Temple:   minmay_crystal_spiral_temple
Lair:1:   gammafunk_boulding_lane, layout_cave_pods,
          eino_small_chamber_without_monster, uniq_urug
Lair:2:   layout_roguey, nicolae_swamp_entry_splash_gauntlet,
          spider_nest_entry_webs, st_stairs_4,
          grunt_forest_small_clearing_treed, infiniplex_staircase_pool,
          uniq_gastronok
Lair:3:   layout_cave_pods, minmay_holes, chequers_serial_rivers_small_3,
          st_stairs_9, grunt_megastairs_2
Lair:4:   layout_layer_cave, uniq_nessos
Lair:5:   layout_cave_pods, slime_altar_1, infiniplex_staircase_pool_2
Lair:6:   minmay_lair_end_enchanted_forest, layout_gridlike, dpeg_oklob_1,
          grunt_megastairs_5
Swamp:1:  layout_basic_swamp, nicolae_swamp_oxbows
Swamp:2:  layout_basic_swamp, evilmike_swamp_ruin_house_4, swamp_pool1
Swamp:3:  layout_falls_marsh, gammafunk_ghost_wrathful_warriors,
          serial_swamp_ruin, evilmike_swamp_ruin_house_1,
          evilmike_swamp_ruin_rubble_1, hangedman_swamp_phenomena, uniq_mara
Swamp:4:  swamp_alternative, layout_basic_swamp, swamp_pool1
Spider:1: layout_spider_delve
Spider:2: layout_spider_delve, uniq_frances, uniq_arachne
Spider:3: layout_chambers, uniq_louise, uniq_nikola
Spider:4: spider_rune_water, drop_trap
Orc:1:    layout_caves, serial_shops, shop_coins
Orc:2:    pubby_orc_utopia

Skill      XL: |  1  2  3  4  5  6  7  8  9 10 11 12 13 14 15 16 17 |
---------------+----------------------------------------------------+-----
Conjurations   | 2 3 4 5 7 8 9 10 12 13 14 | 14.5
Spellcasting   | 4 5 6 7 9 10 11 12 13 15 16 17 | 17.9
Poison Magic   | 4 5 6 7 8 9 10 11 | 11.3
Transmutations | 2 3 5 6 |  6.0
Air Magic      | 1 2 3 4 |  4.1
Stealth        | 3 4 5 6 7 8 |  8.6
Dodging        | 3 4 5 6 8 |  8.3
Short Blades   | 1 2 3 4 5 6 |  6.7
Invocations    | 1 4 5 6 7 |  7.1
Shields        | 1 3 4 5 6 7 |  7.0
Earth Magic    | 2 3 5 7 8 9 10 | 10.5
Fighting       | 1 2 |  2.3
Fire Magic     | 1 3 5 6 8 10 12 14 | 14.4
Armour         | 3 4 5 |  5.7
Evocations     | 1 |  1.4
Translocations | 1 3 4 5 |  5.1
Staves         | 1 |  1.5
Unarmed Combat | |  0.7

Action                   |  1- 3 |  4- 6 |  7- 9 | 10-12 | 13-15 | 16-18 || total
-------------------------+-------+-------+-------+-------+-------+-------++-------
Melee: Unarmed           |    14 |       |    11 |       |       |       ||    25
       Short sword       |     6 |    25 |   124 |   123 |       |       ||   278
       Dagger            |     7 |    27 |    34 |       |       |       ||    68
       Rapier            |       |       |       |    75 |   228 |    27 ||   330
       Staff             |       |       |       |       |       |    70 ||    70
 Cast: Sting             |    82 |    99 |   154 |   122 |    33 |    15 ||   505
       Mephitic Cloud    |     1 |     2 |    11 |    46 |    26 |       ||    86
       Olgreb's Toxic Ra |       |     1 |    27 |    87 |    91 |    75 ||   281
       Alistair's Intoxi |       |       |     2 |     2 |     1 |       ||     5
       Sticky Flame      |       |       |       |    15 |    32 |    19 ||    66
       Ignite Poison     |       |       |       |    36 |    79 |    47 ||   162
       Blink             |       |       |       |   155 |     9 |     5 ||   169
       Bolt of Magma     |       |       |       |       |   171 |   147 ||   318
       Iron Shot         |       |       |       |       |     4 |     2 ||     6
       Iskenderun's Myst |       |       |       |       |     7 |    32 ||    39
       Orb of Destructio |       |       |       |       |     4 |    45 ||    49
       Ignition          |       |       |       |       |       |     1 ||     1
Invok: Channel Magic     |       |       |       |     4 |     1 |     4 ||     9
       Divine Exegesis   |       |       |       |       |       |     1 ||     1
Evoke: Wand              |       |     1 |     2 |     8 |     1 |       ||    12
       Phial of floods   |       |       |       |       |     1 |       ||     1
  Use: Potion            |     1 |     1 |     2 |     5 |     2 |     4 ||    15
       Scroll            |       |     6 |     6 |     4 |    14 |     9 ||    39
 Stab: Sleeping          |     2 |     4 |     4 |     2 |    21 |     4 ||    37
       Confused          |     1 |       |     5 |    16 |     5 |       ||    27
       Distracted        |       |       |       |       |     1 |       ||     1
Armor: Robe              |    14 |    67 |    47 |       |       |       ||   128
       Skin              |       |       |     1 |       |       |     2 ||     3
       Steam dragon scal |       |       |    22 |    71 |    11 |       ||   104
       Leather armour    |       |       |       |       |    82 |    98 ||   180
Dodge: Dodged            |    32 |   116 |   122 |    92 |   125 |   167 ||   654
Block: Other             |       |     4 |    48 |       |       |       ||    52
       Buckler           |       |       |    14 |   103 |   152 |   134 ||   403
       Reflection        |       |       |     1 |     9 |    10 |     2 ||    22

Table legend: (Time is in decaauts)
 A = Elapsed time spent in this place.
 B = Non-inter-level travel time spent in this place.
 C = Inter-level travel time spent in this place.
 D = Time resting spent in this place.
 E = Time spent auto-exploring this place.
 F = Levels seen in this place.
 G = Mean time per level.
                   A        B        C        D        E       F      G
               +--------+--------+--------+--------+--------+-----+--------+
         Total |  45844 |  44024 |   1820 |  11235 |  22723 |  29 | 1580.8 |
       Dungeon |  15735 |  14819 |    916 |   2333 |   8885 |  11 | 1430.5 |
        Temple |    214 |    172 |     42 |      0 |    117 |   1 |  214.0 |
          Lair |  10704 |  10194 |    510 |   1545 |   6955 |   6 | 1784.0 |
         Swamp |   8851 |   8677 |    174 |   4112 |   2554 |   4 | 2212.8 |
   Spider Nest |   5219 |   5172 |     47 |   2029 |   1997 |   4 | 1304.8 |
  Orcish Mines |   4677 |   4548 |    129 |   1155 |   1983 |   2 | 2338.5 |
         Sewer |    442 |    442 |      0 |     61 |    231 |   1 |  442.0 |
               +--------+--------+--------+--------+--------+-----+--------+

Top non-repeatable levels by time:
   Orc:2: 3849 daAuts
 Swamp:3: 2733 daAuts
  Lair:2: 2724 daAuts
     D:4: 2677 daAuts
  Lair:6: 2444 daAuts
 Swamp:2: 2326 daAuts
Spider:3: 2253 daAuts
 Swamp:4: 2043 daAuts
  Lair:1: 1785 daAuts
 Swamp:1: 1747 daAuts
     D:5: 1636 daAuts
    D:10: 1550 daAuts
     D:3: 1499 daAuts
     D:6: 1498 daAuts
     D:8: 1399 daAuts
